NCAA
CONNECTICUT HUSKIES @ PENN STATE NITTANY LIONS
04/18/2030
 
TOP OF THE 1ST
Connecticut Huskies batting - Pitching for Penn State Nittany Lions : RHP Todd Comparón
Pitching: RHP Todd Comparón
Batting: RHB Anthony Payton 0-0: Swinging Strike
0-1: Foul Ball, location: 2F
0-2: Ball
1-2: Ball
2-2: Strikes out swinging
Batting: RHB Ron Frost 0-0: Swinging Strike
0-1: Foul Ball, location: 2F
0-2: Strikes out swinging
Batting: RHB Terry McRa 0-0: Ball
1-0: Called Strike
1-1: Foul Ball, location: 2F
1-2: Ball
2-2: Ball
3-2: Ground out 6-3 (Groundball, 6)
Top of the 1st over - 0 runs, 0 hits, 0 errors, 0 left on base; Connecticut 0 - Penn State 0
BOTTOM OF THE 1ST
Penn State Nittany Lions batting - Pitching for Connecticut Huskies : LHP Brett Wakeley
Pitching: LHP Brett Wakeley
Batting: RHB Jeffrey Ball 0-0: Ball
1-0: Fly out, F7 (Flyball, 7S)
Batting: RHB Greg Coleman 0-0: Bunt missed!
0-1: SINGLE (Flyball, 8LS)
Batting: RHB Steffen Hansen 0-0: Ball
1-0: Ball
2-0: 2-RUN HOME RUN (Flyball, 7LD), Distance : 313 ft
Batting: SHB Craig Young 0-0: Ball
1-0: Called Strike
1-1: Ball
2-1: Ball
3-1: Foul Ball, location: 2F
3-2: Foul Ball, location: 2F
3-2: Base on Balls
Batting: LHB Damian West 0-0: Swinging Strike
0-1: Fielders Choice at 2nd, 4-6 (Groundball, 4M)
Batting: RHB Harlan Hughes 0-0: Swinging Strike
0-1: Swinging Strike
0-2: Ball
1-2: Strikes out swinging
Bottom of the 1st over - 2 runs, 2 hits, 0 errors, 1 left on base; Connecticut 0 - Penn State 2
TOP OF THE 2ND
Connecticut Huskies batting - Pitching for Penn State Nittany Lions : RHP Todd Comparón
Batting: LHB Roberto Martínez 0-0: Foul Ball, location: 2F
0-1: Ball
1-1: Ball
2-1: Foul Ball, location: 2F
2-2: SINGLE (Groundball, 4MD)
Batting: RHB Eric Vaughn 0-0: Called Strike
0-1: Ball
1-1: Swinging Strike
1-2: Ball
2-2: Strikes out swinging
Batting: LHB Garth Gallegos 0-0: Ball
1-0: Called Strike
1-1: Foul Ball, location: 2F
1-2: Fielders Choice at 2nd, 4-6 (Groundball, 4)
Batting: RHB Jeremy Day 0-0: Swinging Strike
0-1: SINGLE (Groundball, 56D)
Garth Gallegos to second
Batting: RHB George Powell 0-0: Called Strike
0-1: Swinging Strike
0-2: Ball
1-2: SINGLE (Line Drive, 78S)
Garth Gallegos to third
Jeremy Day to second
Runner from 3rd tries for Home, SAFE, no throw
Batting: SHB José Ramírez 0-0: Swinging Strike
0-1: Ball
1-1: Called Strike
1-2: Fly out, F9 (Flyball, 9S)
Top of the 2nd over - 1 run, 3 hits, 0 errors, 2 left on base; Connecticut 1 - Penn State 2
BOTTOM OF THE 2ND
Penn State Nittany Lions batting - Pitching for Connecticut Huskies : LHP Brett Wakeley
Batting: RHB Francisco Alvarado 0-0: Swinging Strike
0-1: Ball
1-1: Ball
2-1: Foul Ball, location: 2F
2-2: Ball
3-2: Base on Balls
Batting: RHB Eric Gordon 0-0: Ball
1-0: Swinging Strike
1-1: Ball
2-1: Grounds into double play, 5-4-3 (Groundball, 56)
Batting: RHB Alfredo Rivera 0-0: Ball
1-0: DOUBLE (Line Drive, 9LD)
Batting: RHB Jeffrey Ball 0-0: Ball
1-0: Ball
2-0: Ball
3-0: Called Strike
3-1: Foul Ball, location: 2F
3-2: Fly out, F8 (Line Drive, 78D)
Bottom of the 2nd over - 0 runs, 1 hit, 0 errors, 1 left on base; Connecticut 1 - Penn State 2
TOP OF THE 3RD
Connecticut Huskies batting - Pitching for Penn State Nittany Lions : RHP Todd Comparón
Batting: RHB Anthony Payton 0-0: Foul Ball, location: 2F
0-1: Ball
1-1: Called Strike
1-2: Foul Ball, location: 2F
1-2: Ball
2-2: TRIPLE (Line Drive, 8LXD)
Batting: RHB Ron Frost 0-0: Swinging Strike
0-1: SINGLE (Groundball, 56S) (infield hit)
Anthony Payton scores
Batting: RHB Terry McRa 0-0: Called Strike
0-1: Swinging Strike
0-2: Strikes out swinging
Batting: LHB Roberto Martínez 0-0: Ball
1-0: SINGLE (Groundball, 6M) (infield hit)
Ron Frost to second
Batting: RHB Eric Vaughn 0-0: Ball
1-0: Called Strike
1-1: Called Strike
1-2: Foul Ball, location: 2F
1-2: Foul Ball, location: 2F
1-2: Ball
2-2: Ball
3-2: Foul Ball, location: 2F
3-2: DOUBLE (Groundball, 3L)
Ron Frost scores
Roberto Martínez to third
Batting: LHB Garth Gallegos 0-0: Called Strike
0-1: Ball
1-1: Ball
2-1: Ball
3-1: Called Strike
3-2: Ground out 6-3 (Groundball, 6M)
Roberto Martínez scores
Eric Vaughn to third
Batting: RHB Jeremy Day 0-0: Ball
1-0: Called Strike
1-1: Foul Ball, location: 2F
1-2: Foul Ball, location: 2F
1-2: Ball
2-2: Strikes out swinging
Top of the 3rd over - 3 runs, 4 hits, 0 errors, 1 left on base; Connecticut 4 - Penn State 2
BOTTOM OF THE 3RD
Penn State Nittany Lions batting - Pitching for Connecticut Huskies : LHP Brett Wakeley
Batting: RHB Greg Coleman 0-0: Ball
1-0: Ball
2-0: Fly out, F9 (Flyball, 9S)
Batting: RHB Steffen Hansen 0-0: Ground out 3-1 (Groundball, 34S)
Batting: SHB Craig Young 0-0: SINGLE (Groundball, 56D)
Batting: LHB Damian West 0-0: Swinging Strike
0-1: Ball
1-1: Ball
2-1: Ball
3-1: Base on Balls
Craig Young to second
Batting: RHB Harlan Hughes 0-0: Foul Ball, location: 2F
0-1: Ball
1-1: Fielders Choice at 2nd, 6-4 (Groundball, 6)
Bottom of the 3rd over - 0 runs, 1 hit, 0 errors, 2 left on base; Connecticut 4 - Penn State 2
TOP OF THE 4TH
Connecticut Huskies batting - Pitching for Penn State Nittany Lions : RHP Todd Comparón
Batting: RHB George Powell 0-0: Ball
1-0: Ball
2-0: Foul Ball, location: 2F
2-1: Fly out, F9 (Line Drive, 9)
Batting: SHB José Ramírez 0-0: Foul Ball, location: 2F
0-1: Ball
1-1: Ground out 4-3 (Groundball, 4M)
Batting: RHB Anthony Payton 0-0: Ball
1-0: Ball
2-0: Foul Ball, location: 2F
2-1: Ball
3-1: Swinging Strike
3-2: Strikes out looking
Top of the 4th over - 0 runs, 0 hits, 0 errors, 0 left on base; Connecticut 4 - Penn State 2
BOTTOM OF THE 4TH
Penn State Nittany Lions batting - Pitching for Connecticut Huskies : LHP Brett Wakeley
Batting: RHB Francisco Alvarado 0-0: Ball
1-0: Ball
2-0: Foul Ball, location: 2F
2-1: Called Strike
2-2: Ball
3-2: Base on Balls
Batting: RHB Eric Gordon 0-0: Called Strike
0-1: Fielders Choice at 2nd, 5-4 (Groundball, 56)
Batting: RHB Alfredo Rivera 0-0: Called Strike
0-1: Ball
1-1: Swinging Strike
1-2: Strikes out swinging
Batting: RHB Jeffrey Ball 0-0: Ball
1-0: Called Strike
1-1: Ball
2-1: Swinging Strike
2-2: Foul Ball, location: 2F
2-2: Strikes out swinging
Bottom of the 4th over - 0 runs, 0 hits, 0 errors, 1 left on base; Connecticut 4 - Penn State 2
TOP OF THE 5TH
Connecticut Huskies batting - Pitching for Penn State Nittany Lions : RHP Todd Comparón
Pitching: RHP Britt McQueen
Batting: RHB Ron Frost 0-0: Ball
1-0: Ball
2-0: Ball
3-0: Called Strike
3-1: Foul Ball, location: 2F
3-2: SINGLE (Line Drive, 6MD)
Batting: RHB Terry McRa 0-0: Foul Ball, location: 2F
0-1: Ball
1-1: Ball
2-1: Foul Ball, location: 2F
2-2: Fielders Choice at 2nd, 6-4 (Groundball, 6)
Batting: LHB Roberto Martínez 0-0: Ball
1-0: Ball
Terry McRa steals 2nd base
2-0: Fly out, F3 (Line Drive, 34)
Batting: RHB Eric Vaughn 0-0: Called Strike
0-1: Ball
1-1: Ball
2-1: Swinging Strike
2-2: Foul Ball, location: 2F
2-2: Foul Ball, location: 2F
2-2: Foul Ball, location: 2F
2-2: Foul Ball, location: 2F
2-2: Ball
3-2: Strikes out swinging
Top of the 5th over - 0 runs, 1 hit, 0 errors, 1 left on base; Connecticut 4 - Penn State 2
BOTTOM OF THE 5TH
Penn State Nittany Lions batting - Pitching for Connecticut Huskies : LHP Brett Wakeley
Batting: RHB Greg Coleman 0-0: Foul Ball, location: 2F
0-1: Ball
1-1: Foul Ball, location: 2F
1-2: Ball
2-2: Foul Ball, location: 2F
2-2: Foul Ball, location: 2F
2-2: Foul Ball, location: 2F
2-2: Foul Ball, location: 2F
2-2: Foul Ball, location: 2F
2-2: Foul Ball, location: 2F
2-2: Strikes out looking
Pitching: RHP Jeff Thomas
Batting: RHB Steffen Hansen 0-0: Called Strike
0-1: Swinging Strike
0-2: Foul Ball, location: 2F
0-2: Ball
1-2: Ball
2-2: Fly out, F7 (Flyball, 7S)
Batting: SHB Craig Young 0-0: Foul Ball, location: 2F
0-1: Ball
1-1: Called Strike
1-2: DOUBLE (Flyball, 78D)
Batting: LHB Damian West 0-0: Foul Ball, location: 2F
0-1: Ball
1-1: SINGLE (Groundball, 4MD)
Craig Young to third
Runner from 3rd tries for Home, SAFE, no throw
Batting: RHB Harlan Hughes 0-0: Ball
1-0: Ball
2-0: Ball
3-0: Base on Balls
Damian West to second
Batting: RHB Francisco Alvarado 0-0: DOUBLE (Flyball, 89D)
Damian West scores
Harlan Hughes to third
Runner from 3rd tries for Home, SAFE, throw made at trailing runner, OUT at third!
Bottom of the 5th over - 3 runs, 3 hits, 0 errors, 0 left on base; Connecticut 4 - Penn State 5
TOP OF THE 6TH
Connecticut Huskies batting - Pitching for Penn State Nittany Lions : RHP Britt McQueen
Batting: LHB Garth Gallegos 0-0: Ball
1-0: Called Strike
1-1: SINGLE (Groundball, 34S) (infield hit)
Batting: RHB Jeremy Day 0-0: Foul Ball, location: 2F
0-1: Ball
1-1: Ball
2-1: Ball
3-1: Swinging Strike
3-2: Foul Ball, location: 2F
3-2: Foul Ball, location: 2F
3-2: Foul Ball, location: 2F
3-2: Base on Balls
Garth Gallegos to second
Batting: RHB George Powell 0-0: Called Strike
0-1: Ball
Garth Gallegos is caught stealing 3rd base
1-1: Ball
2-1: Ball
3-1: Base on Balls
Jeremy Day to second
Batting: SHB José Ramírez 0-0: Foul Ball, location: 2F
0-1: Ground out 3-1 (Groundball, 34S)
Jeremy Day to third
George Powell to second
Batting: RHB Anthony Payton 0-0: Called Strike
0-1: Ball
1-1: Ball
2-1: Ball
3-1: Swinging Strike
3-2: Base on Balls
Batting: RHB Ron Frost 0-0: Ball
1-0: Foul Ball, location: 2F
1-1: DOUBLE (Line Drive, 7LM)
Jeremy Day scores
George Powell scores
Anthony Payton to third
Pitching: RHP José Lazado
Batting: RHB Terry McRa 0-0: Ball
1-0: Ball
2-0: Called Strike
2-1: Foul Ball, location: 2F
2-2: Strikes out swinging
Top of the 6th over - 2 runs, 2 hits, 0 errors, 2 left on base; Connecticut 6 - Penn State 5
BOTTOM OF THE 6TH
Penn State Nittany Lions batting - Pitching for Connecticut Huskies : RHP Jeff Thomas
Pitching: LHP Randall Smith
Batting: RHB Eric Gordon 0-0: Called Strike
0-1: Foul Ball, location: 2F
0-2: Ball
1-2: Ball
2-2: Strikes out swinging
Batting: RHB Alfredo Rivera 0-0: Fly out, F3 (Popup, 3F)
Batting: RHB Jeffrey Ball 0-0: Foul Ball, location: 2F
0-1: Ground out 6-3 (Groundball, 6)
Bottom of the 6th over - 0 runs, 0 hits, 0 errors, 0 left on base; Connecticut 6 - Penn State 5
TOP OF THE 7TH
Connecticut Huskies batting - Pitching for Penn State Nittany Lions : RHP José Lazado
Pitching: LHP Chris Smith
Batting: LHB Roberto Martínez 0-0: Ball
1-0: Called Strike
1-1: Ball
2-1: Called Strike
2-2: Foul Ball, location: 2F
2-2: Strikes out looking
Pitching: RHP Cipriano Castillo
Batting: RHB Eric Vaughn 0-0: Called Strike
0-1: SINGLE (Groundball, 4D)
Batting: LHB Garth Gallegos 0-0: Called Strike
0-1: SINGLE (Groundball, 34) - runner OUT being hit by batted ball. (infield hit)
Pinch Hitting: RHB Phil Gabriel 0-0: Ball
1-0: Called Strike
1-1: Ball
2-1: Foul Ball, location: 2F
2-2: Ball
3-2: SINGLE (Flyball, 78S)
Garth Gallegos to second
Garth Gallegos to third
Batting: RHB George Powell 0-0: Swinging Strike
0-1: Ball
1-1: Ball
2-1: Called Strike
2-2: SINGLE (Flyball, 89S)
Garth Gallegos scores
Phil Gabriel to second
Runner from 2nd tries for 3rd, SAFE, no throw
Batting: SHB José Ramírez 0-0: Ball
1-0: Swinging Strike
1-1: Swinging Strike
1-2: Strikes out looking
Top of the 7th over - 1 run, 4 hits, 0 errors, 2 left on base; Connecticut 7 - Penn State 5
BOTTOM OF THE 7TH
Penn State Nittany Lions batting - Pitching for Connecticut Huskies : LHP Randall Smith
Now in LF: Ward Dempsey
Batting: RHB Greg Coleman 0-0: Ball
1-0: Ball
2-0: SINGLE (Flyball, 8LS)
Batting: RHB Steffen Hansen 0-0: Ball
1-0: Ball
2-0: Fly out, F5 (Popup, 5SF)
Batting: SHB Craig Young 0-0: Foul Ball, location: 2F
0-1: Ground out 3-1 (Groundball, 34S)
Greg Coleman to second
Batting: LHB Damian West 0-0: Called Strike
0-1: Ball
Wild Pitch!
Greg Coleman to third
1-1: Called Strike
1-2: Strikes out swinging
Bottom of the 7th over - 0 runs, 1 hit, 0 errors, 1 left on base; Connecticut 7 - Penn State 5
TOP OF THE 8TH
Connecticut Huskies batting - Pitching for Penn State Nittany Lions : RHP Cipriano Castillo
Batting: RHB Anthony Payton 0-0: Ball
1-0: SINGLE (Line Drive, 6MD)
Batting: RHB Ron Frost 0-0: Ball
1-0: Ball
2-0: Ball
3-0: Called Strike
3-1: Bunted foul
3-2: Foul Ball, location: 2F
3-2: Strikes out looking
Batting: RHB Terry McRa 0-0: Called Strike
0-1: Ball
1-1: Called Strike
1-2: Ball
2-2: Ball
3-2: Foul Ball, location: 2F
3-2: Base on Balls
Anthony Payton to second
Batting: LHB Roberto Martínez 0-0: Foul Ball, location: 2F
0-1: Swinging Strike
0-2: Foul Ball, location: 2F
0-2: Ball
1-2: Strikes out swinging
Batting: RHB Eric Vaughn 0-0: Foul Ball, location: 2F
0-1: Ball
1-1: Foul Ball, location: 2F
1-2: Ball
2-2: Ball
3-2: Fly out, F9 (Flyball, 89S)
Top of the 8th over - 0 runs, 1 hit, 0 errors, 2 left on base; Connecticut 7 - Penn State 5
BOTTOM OF THE 8TH
Penn State Nittany Lions batting - Pitching for Connecticut Huskies : LHP Randall Smith
Batting: RHB Harlan Hughes 0-0: Swinging Strike
0-1: Foul Ball, location: 2F
0-2: Ball
1-2: Ball
2-2: Ball
3-2: Foul Ball, location: 2F
3-2: Base on Balls
Batting: RHB Francisco Alvarado 0-0: DOUBLE (Groundball, 5L)
Harlan Hughes to third
Runner from 3rd tries for Home, SAFE, no throw
Pitching: RHP Dave Howell
Batting: RHB Eric Gordon 0-0: Ball
1-0: Called Strike
1-1: Bunted foul
1-2: Hit by Pitch
Batting: RHB Alfredo Rivera 0-0: Swinging Strike
0-1: Ball
1-1: Foul Ball, location: 2F
1-2: Foul Ball, location: 2F
1-2: Foul Ball, location: 2F
1-2: Ball
2-2: Fly out, F9 (Flyball, 89M)
Batting: RHB Jeffrey Ball 0-0: Ball
1-0: Called Strike
1-1: Ball
2-1: Swinging Strike
2-2: SINGLE (Groundball, 5D)
Francisco Alvarado to third
Eric Gordon to second
Runner from 3rd tries for Home, SAFE, no throw
Batting: RHB Greg Coleman 0-0: Ball
1-0: Ball
2-0: Ball
Eric Gordon is caught stealing 3rd base
3-0: Base on Balls
Jeffrey Ball to second
Batting: RHB Steffen Hansen 0-0: Ground out 4-3 (Groundball, 4)
Bottom of the 8th over - 2 runs, 2 hits, 0 errors, 2 left on base; Connecticut 7 - Penn State 7
TOP OF THE 9TH
Connecticut Huskies batting - Pitching for Penn State Nittany Lions : RHP Cipriano Castillo
Pitching: RHP Cullen Rivera
Batting: LHB Garth Gallegos 0-0: Ball
1-0: Ball
2-0: Swinging Strike
2-1: Foul Ball, location: 2F
2-2: Ball
3-2: Base on Balls
Pinch Hitting: LHB Alejandro Piña 0-0: Ball
Garth Gallegos is caught stealing 2nd base
1-0: Called Strike
1-1: Swinging Strike
1-2: Foul Ball, location: 2F
1-2: Ball
2-2: Foul Ball, location: 2F
2-2: Foul Ball, location: 2F
2-2: Ball
3-2: Strikes out swinging
Batting: RHB George Powell 0-0: Ball
1-0: Ball
2-0: Called Strike
2-1: Ball
3-1: Foul Ball, location: 2F
3-2: Strikes out swinging
Top of the 9th over - 0 runs, 0 hits, 0 errors, 0 left on base; Connecticut 7 - Penn State 7
BOTTOM OF THE 9TH
Penn State Nittany Lions batting - Pitching for Connecticut Huskies : RHP Dave Howell
Now in RF: Alejandro Piña
Batting: SHB Craig Young 0-0: Foul Ball, location: 2F
0-1: Ground out U3 (Groundball, 34)
Pitching: LHP Jude Hatfield
Batting: LHB Damian West 0-0: Ball
1-0: Foul Ball, location: 2F
1-1: Ball
2-1: Called Strike
2-2: Ball
3-2: Foul Ball, location: 2F
3-2: Foul Ball, location: 2F
3-2: Strikes out swinging
Pitching: LHP Marc Vallières
Batting: RHB Harlan Hughes 0-0: Called Strike
0-1: Ball
1-1: Swinging Strike
1-2: Ball
2-2: Ball
3-2: Fly out, F8 (Flyball, 89D)
Bottom of the 9th over - 0 runs, 0 hits, 0 errors, 0 left on base; Connecticut 7 - Penn State 7
TOP OF THE 10TH
Connecticut Huskies batting - Pitching for Penn State Nittany Lions : RHP Cullen Rivera
Pitching: LHP Frank Chaney
Batting: SHB José Ramírez 0-0: Called Strike
0-1: Fly out, F4 (Line Drive, 4)
Batting: RHB Anthony Payton 0-0: Fly out, F9 (Flyball, 9LS)
Batting: RHB Ron Frost 0-0: Ground out 6-3 (Groundball, 6)
Top of the 10th over - 0 runs, 0 hits, 0 errors, 0 left on base; Connecticut 7 - Penn State 7
BOTTOM OF THE 10TH
Penn State Nittany Lions batting - Pitching for Connecticut Huskies : LHP Marc Vallières
Batting: RHB Francisco Alvarado 0-0: Called Strike
0-1: Swinging Strike
0-2: Strikes out swinging
Batting: RHB Eric Gordon 0-0: Fly out, F9 (Flyball, 9D)
Pinch Hitting: RHB Wes Caldwell 0-0: Foul Ball, location: 2F
0-1: Ball
1-1: Ball
2-1: Swinging Strike
2-2: Ground out 6-3 (Groundball, 6)
Bottom of the 10th over - 0 runs, 0 hits, 0 errors, 0 left on base; Connecticut 7 - Penn State 7
TOP OF THE 11TH
Connecticut Huskies batting - Pitching for Penn State Nittany Lions : LHP Frank Chaney
Now at C: Wes Caldwell
Batting: RHB Terry McRa 0-0: Foul Ball, location: 2F
0-1: SINGLE (Groundball, 56D)
Batting: LHB Roberto Martínez 0-0: Ball
Terry McRa steals 2nd base
1-0: Ball
2-0: Ground out 3-1 (Groundball, 3S)
Terry McRa to third
Batting: RHB Eric Vaughn 0-0: Intentional Walk
Batting: LHB Garth Gallegos 0-0: Swinging Strike
0-1: Foul Ball, location: 2F
0-2: SINGLE (Line Drive, 4MD)
Terry McRa scores
Eric Vaughn to second
Batting: LHB Alejandro Piña 0-0: Swinging Strike
0-1: Ball
1-1: Ball
2-1: Foul Ball, location: 2F
2-2: Foul Ball, location: 2F
2-2: Foul Ball, location: 2F
2-2: Ball
3-2: Base on Balls
Eric Vaughn to third
Garth Gallegos to second
Batting: RHB George Powell 0-0: Called Strike
0-1: Ball
1-1: Swinging Strike
1-2: Ball
2-2: Foul Ball, location: 2F
2-2: SINGLE (Groundball, 4MD)
Eric Vaughn scores
Garth Gallegos to third
Alejandro Piña to second
Batting: SHB José Ramírez 0-0: GRAND SLAM HOME RUN (Line Drive, 9D), Distance : 363 ft
Pitching: RHP Brian Boswell
Batting: RHB Anthony Payton 0-0: Ball
1-0: Ball
2-0: Ball
3-0: Base on Balls
Batting: RHB Ron Frost 0-0: Called Strike
0-1: Foul Ball, location: 2F
0-2: Reached on error, E1 (Groundball, 13)
Anthony Payton to second
Batting: RHB Terry McRa 0-0: Ball
1-0: Ball
2-0: Foul Ball, location: 2F
2-1: Ball
3-1: Swinging Strike
3-2: Strikes out swinging
Batting: LHB Roberto Martínez 0-0: Ball
1-0: Foul Ball, location: 2F
1-1: Ball
2-1: Ball
3-1: Called Strike
3-2: Foul Ball, location: 2F
3-2: Foul Ball, location: 2F
3-2: Strikes out swinging
Top of the 11th over - 6 runs, 4 hits, 1 error, 2 left on base; Connecticut 13 - Penn State 7
BOTTOM OF THE 11TH
Penn State Nittany Lions batting - Pitching for Connecticut Huskies : LHP Marc Vallières
Batting: RHB Jeffrey Ball 0-0: Ball
1-0: Ground out 6-3 (Groundball, 6)
Batting: RHB Greg Coleman 0-0: Called Strike
0-1: Foul Ball, location: 2F
0-2: Ball
1-2: Strikes out swinging
Batting: RHB Steffen Hansen 0-0: SINGLE (Groundball, 4D)
Batting: SHB Craig Young 0-0: Ball
1-0: Ball
2-0: Fly out, F9 (Flyball, 9LMF)
Bottom of the 11th over - 0 runs, 1 hit, 0 errors, 1 left on base; Connecticut 13 - Penn State 7
Saturday, April 7th, 2018 - OOTP Baseball 18.8 Build 76